 Dungeon Crawl Stone Soup version 0.30-a0-528-g8c47a4955b (webtiles) character file.

Game seed: 6929846727085140630

202590 experimilk the Stormcaller (level 17, -2/158 HPs)
             Began as a Pale Draconian Conjurer on Dec 23, 2022.
             Was the Champion of Vehumet.
             Killed from afar by Ilsuiw (15 damage)
             ... with a shard of ice
             ... while petrified
             ... on level 2 of the Shoals.
             The game lasted 03:16:43 (57377 turns).

experimilk the Stormcaller (DrCj)                  Turns: 57377, Time: 03:16:43

Health: -2/158     AC: 19    Str: 12    XL:     17   Next: 95%
Magic:  22/45      EV:  2    Int: 26    God:    Vehumet [******]
Gold:   1563       SH:  0    Dex: 12    Spells: 2/46 levels left

rFire   + . .      SeeInvis +    H - +9 flail "Kithru" {drain, Dex+5}
rCold   + . .      Faith    .    U - +2 buckler
rNeg    + + +      Spirit   .    (body armour unavailable)
rPois   ∞          Reflect  +    v - +2 hat {Int+3}
rElec   +          Harm     .    R - +2 cloak {rC+}
rCorr   .          Rampage  .    C - +1 pair of gloves of Greed {rPois SInv}
Will    +....                    J - +2 pair of boots
Stlth   +                        Y - amulet of reflection
HPRegen 0.46/turn                c - ring of protection from fire
MPRegen 0.29/turn                Z - ring of magical power

@: brilliant, petrified, marked, mesmerised, very slow
A: breathe steam, AC +9, unfitting armour, cold-blooded, steam resistance,
clumsy 1, electricity resistance, weak 1
}: 1/15 runes: serpentine
a: Breathe Steam, Renounce Religion


You were on level 2 of the Shoals.
You worshipped Vehumet.
Vehumet was exalted by your worship.
You visited 6 branches of the dungeon, and saw 29 of its levels.
You also visited: Sewer and Ice Cave.

You collected 3269 gold pieces.
You spent 1706 gold pieces at shops.

Inventory:

Hand Weapons
 a - a +4 whip of freezing
 H - the +9 flail "Kithru" (weapon) {drain, Dex+5}
   (You found it on level 4 of the Lair of Beasts)

   A truly terrible weapon, it drains the life of any living foe it strikes.
   Dex:       It affects your dexterity (+5).
Armour
 v - a +2 hat of intelligence (worn)
 C - the +1 pair of gloves of Greed (worn) {rPois SInv}
   (You found it on level 9 of the Dungeon)

   rPois:     It protects you from poison.
   SInv:      It lets you see invisible.
 J - a +2 pair of boots (worn)
 N - a +1 kite shield of protection
 R - a +2 cloak of cold resistance (worn)
 U - a +2 buckler (worn)
Jewellery
 c - a ring of protection from fire (left hand)
 s - a +6 ring of intelligence
 t - a +4 ring of slaying
 B - a ring of resist corrosion
 D - a +6 ring of dexterity
 M - an amulet of magic regeneration
 X - a ring of willpower
 Y - an amulet of reflection (around neck)
 Z - a ring of magical power (right hand)
Wands
 z - a wand of digging (14)
 G - a wand of flame (49)
 I - a wand of roots (10)
 P - a wand of mindburst (14)
 W - a wand of quicksilver (8)
Scrolls
 f - 2 scrolls of amnesia
 h - 4 scrolls of immolation
 j - 5 scrolls of enchant weapon
 k - 2 scrolls of magic mapping
 q - 4 scrolls of fear
 r - a scroll of brand weapon
 u - 9 scrolls of blinking
 x - 4 scrolls of summoning
 y - 6 scrolls of vulnerability
 A - 4 scrolls of fog
 F - a scroll of poison
 K - 2 scrolls of silence
 Q - 7 scrolls of teleportation
 T - a scroll of torment
 V - 15 scrolls of identify
Potions
 b - 4 potions of attraction
 d - 2 potions of ambrosia
 e - a potion of invisibility
 g - 3 potions of flight
 i - 10 potions of curing
 l - 5 potions of heal wounds
 m - 3 potions of magic
 n - 6 potions of lignification
 o - a potion of berserk rage
 w - 3 potions of might
 E - 3 potions of haste
 O - 2 potions of cancellation
Miscellaneous
 p - a tin of tremorstones (1/2)
 S - a box of beasts


   Skills:
 - Level 16.0 Fighting
 * Level 4.7 Maces & Flails
 - Level 1.7 Dodging
 - Level 1.7 Stealth
 + Level 5.8 Shields
 - Level 15.0 Spellcasting
 - Level 16.1 Conjurations
 - Level 3.0 Translocations
 - Level 17.0 Air Magic
 - Level 12.0 Earth Magic
 - Level 6.0 Poison Magic
 - Level 6.0 Evocations


You had 2 spell levels left.
You knew the following spells:

 Your Spells              Type           Power      Damage    Failure   Level
b - Orb of Destruction    Conj           50%        9d13      1%          7
c - Mephitic Cloud        Conj/Pois/Air  92%        N/A       1%          3
m - Maxwell's Capacitive  Air            52%        ∞         5%          8
o - Olgreb's Toxic Radia  Pois           66%        N/A       1%          4
p - Airstrike             Air            52%        2d(8-24)  1%          4
r - Swiftness             Air            100%       N/A       0%          3
s - Summon Lightning Spi  Summ/Air       77%        N/A       1%          4
x - Arcjolt               Conj/Air       51%        1d61      1%          5
z - Iron Shot             Conj/Erth      47%        9d9       1%          6

Your spell library contained the following spells:

 Spells                   Type           Power      Damage    Failure   Level
 Magic Dart               Conj           100%       1d8       0%          1
 Shock                    Conj/Air       100%       1d9       0%          1
 Searing Ray              Conj           100%       2d8       0%          2
 Kiss of Death            Conj/Necr      100%       2d13      1%          1
 Momentum Strike          Conj/Tloc      100%       3d10      1%          2
 Poisonous Vapours        Pois/Air       100%       N/A       1%          2
 Call Imp                 Summ           29%        N/A       5%          2
 Dazzling Flash           Conj/Hex       100%       N/A       1%          3
 Hailstorm                Conj/Ice       75%        3d15      1%          3
 Ignite Poison            Fire/Tmut/Pois 44%        N/A       1%          3
 Kindle Blastsparks       Fire/Tloc/Air  100%       2d18      1%          3
 Stone Arrow              Conj/Erth      100%       3d13      1%          3
 Vhi's Electric Charge    Tloc/Air       100%       N/A       1%          3
 Fulminant Prism          Conj/Hex       37%        3d17      1%          4
 Iskenderun's Mystic Bla  Conj/Tloc      81%        2d16      1%          4
 Fireball                 Conj/Fire      37%        3d15      1%          5
 Freezing Cloud           Conj/Ice/Air   43%        6-21      1%          5
 Iskenderun's Battlesphe  Conj           100%       2d15      1%          5
 Lightning Bolt           Conj/Air       51%        1d72      1%          5
 Conjure Ball Lightning   Conj/Air       51%        3x3d19    1%          6
 Confusing Touch          Hex            29%        N/A       11%         3
 Ozocubu's Armour         Ice            29%        N/A       11%         3
 Lehudib's Crystal Spear  Conj/Erth      47%        10d11     19%         8
 Anguish                  Hex/Necr       14%        N/A       34%         4
 Animate Dead             Necr           29%        N/A       34%         4
 Dispel Undead            Necr           29%        3d13      34%         4
 Ice Form                 Ice/Tmut       29%        N/A       34%         4
 Storm Form               Tmut/Air       38%        N/A       65%         7
 Simulacrum               Ice/Necr       14%        N/A       99%         6
 Ozocubu's Refrigeration  Ice            14%        4d10      99%         7
 Enfeeble                 Hex            14%        N/A       100%        7
 Haunt                    Necr/Summ      14%        N/A       100%        7
 Ignition                 Fire           14%        3d6       100%        8
 Infestation              Necr           14%        N/A       100%        8
 Polar Vortex             Ice            14%        N/A       100%        9
 Animate Armour           Summ/Erth      Unusable   N/A       N/A         4

Dungeon Overview and Level Annotations

Branches:
Dungeon (15/15)            Temple (1/1) D:7            Lair (5/5) D:9
 Shoals (2/4) Lair:3        Snake (4/4) Lair:3        Slime (0/5) Lair:4
    Orc (2/2) D:9             Elf (0/3) Orc:2        Vaults (0/5) D:13
 Depths (0/4) D:15          Sewer (visited)           IceCv (visited)

Altars:
Ashenzari
Dithmenos
Fedhas
Hepliaklqana
Kikubaaqudgha
Uskayaw
Vehumet

Shops:
D:2 (   Orc:2 *[=?:   Snake:3 (

Annotations:
Shoals:2 Ilsuiw; Polyphemus
Snake:2 1 runed translucent door, Kecoros's ghost, adept OpVM


Innate Abilities, Weirdness & Mutations

You can breathe blasts of scalding, opaque steam.
Your pale cyan-grey scales are hard. (AC +9)
You cannot fit into any form of body armour.
You are cold-blooded and may be slowed by cold attacks.
You are immune to the effects of steam.
You are clumsy. (Dex -2)
You are resistant to electric shocks. (rElec)
You are weak. (Str -2)


Message History

The water elemental hits you.
The merfolk impaler hits you but does no damage.
The merfolk throws a boomerang of dispersal.
The boomerang of dispersal closely misses Ilsuiw.
The boomerang of dispersal hits you!
* * * LOW HITPOINT WARNING * * *
You blink.
Splash!
A merfolk avatar comes into view.
Found 6 gold pieces.
The merfolk avatar chants a haunting song.
You resist with some effort.
The merfolk siren chants a haunting song.
A sun demon comes into view.
The merfolk barely misses you.
Ilsuiw points at you and mumbles some strange words.
The shard of ice hits you!! You partially resist.
* * * LOW HITPOINT WARNING * * *
The merfolk siren chants its luring song.
The merfolk avatar chants a haunting song.
The merfolk siren chants its luring song.
The wind drake flaps its wings at you. The air twists around and strikes you!
* * * LOW HITPOINT WARNING * * *
The merfolk hits you with a +0 trident!
* * * LOW HITPOINT WARNING * * *
The merfolk siren chants its luring song.
The merfolk avatar chants its luring song.
The merfolk siren chants its luring song.
The merfolk hits you with a +0 trident.
* * * LOW HITPOINT WARNING * * *
The merfolk siren chants a haunting song.
The merfolk impaler hits you but does no damage.
Polyphemus stops moving altogether!
The wind drake bites you but does no damage.
The merfolk siren chants its luring song.
Ilsuiw gazes at you hypnotically. Ilsuiw casts a spell at you.
The shard of ice hits you!! You partially resist.
You die...

.. ≈≈≈≈≈≈~m># ..
~≈≈≈≈m~~†#### .!
~ ~≈≈≈≈≈~~....#
.. ~~
≈≈≈≈≈m~~~†<.#
~~≈
~~Hm≈m≈~~†..#
~.~~ #≈mmC~)†.##
.....##E~mE.!###
......~~~~†.##
$..~~~~@~~~.#
...~~~km~~~~.#
...~~~m~~~~~...
...P.~~~~~.~.~~
.##..~PP~~?.#.~
.mP.~~~~.....~
~~.~~P~~~~~~~~~
~~~~~~~~~~~~.~~


You could see Polyphemus (petrified), Ilsuiw (invisible, poisoned), a merfolk
avatar (mesmerising), 2 merfolk impalers, a wind drake (repels missiles), 3
merfolk, a manticore, 2 water elementals and 3 merfolk sirens.

Vanquished Creatures
  Frances (D:13)
  7 nagarajas (Snake:4)
  A reaper (IceCv)
  The ghost of drugrobin the Zephyrmancer, a journeyman DgAr (Lair:5)
  An orc warlord (Orc:2)
  Nessos (D:15)
  Azrael (Snake:1)
  An ettin (Orc:1)
  4 vault guards (D:13)
  A rakshasa (D:14)
  3 salamander tyrants (Snake:4)
  Erolcha (D:13)
  Harold (D:11)
  3 hydras
  Fannar (D:10)
  3 ogre magi
  A merfolk aquamancer (Shoals:1)
  A catoblepas (Shoals:2)
  Erica (D:9)
  7 anacondas
  3 boulder beetles
  8 centaur warriors
  4 two-headed ogres
  11 naga sharpshooters
  21 naga warriors
  2 death yaks (Shoals:2)
  3 shock serpents
  Sonja (D:10)
  Nergalle (Orc:2)
  4 skeletal warriors
  2 salamander mystics
  4 sea snakes (Shoals:2)
  Lodul (D:13)
  9 naga ritualists
  4 wizards
  Pikel (D:9)
  A swamp dragon (Lair:5)
  3 deep elf pyromancers
  A lindwurm (Lair:5)
  2 orc knights
  9 mana vipers
  9 harpies
  6 ugly things
  2 necromancers
  2 oklob plants (Lair:3)
  6 orc sorcerers
  20 slime creatures
  A faun (Shoals:1)
  3 cyclopes
  8 salamanders
  Maurice (D:9)
  5 manticores
  3 water nymphs
  2 merfolk sirens
  9 elephants
  5 guardian serpents
  An ice statue (IceCv)
  2 gargoyles
  13 naga magi
  An elephant (shapeshifter) (D:10)
  12 cane toads
  37 black mambas
  Maggie (D:6)
  A torpor snail (Lair:2)
  A centaur skeleton (D:15)
  3 unseen horrors
  3 komodo dragons
  11 rime drakes
  A freezing wraith (D:14)
  A yaktaur (D:15)
  Psyche (D:10)
  2 tengu conjurers (D:10)
  An ice devil (IceCv)
  3 merfolk (Shoals:1)
  A troll (D:12)
  2 polar bears
  A harpy skeleton (D:15)
  Grinder (D:6)
  2 wind drakes
  9 blink frogs
  A snapping turtle (Shoals:2)
  2 dream sheep (Shoals:1)
  Sigmund (D:5)
  5 wraiths
  Eustachio (D:6)
  2 shadows
  4 water elementals (Shoals:1)
  A dire elephant simulacrum (IceCv)
  5 fire elementals (Snake:1)
  46 yaks
  2 vampires
  7 wyverns
  5 basilisks
  Grum (D:9)
  2 death yak simulacra (IceCv)
  4 vampire mosquitoes
  Menkaure (D:6)
  A steam dragon (D:10)
  38 nagas
  5 wargs
  3 harpy simulacra (IceCv)
  2 acid dragons
  10 water moccasins
  A hydra simulacrum (IceCv)
  A hell hound (Snake:1)
  9 orc warriors
  Pargi (Sewer)
  5 ice beasts
  2 sky beasts (D:7)
  A boulder beetle simulacrum (Lair:5)
  A hornet zombie (D:15)
  17 ogres
  28 wolves
  17 centaurs
  4 black mamba simulacra (Lair:5)
  A lemure (D:9)
  A phantom (D:7)
  A kobold brigand (D:11)
  A gnoll sergeant (D:11)
  4 two-headed ogre simulacra (IceCv)
  6 bullfrogs
  3 necrophages
  5 scorpions
  3 cane toad simulacra
  11 wights
  2 elephant simulacra (IceCv)
  8 killer bees
  4 howler monkeys
  3 hounds
  A komodo dragon simulacrum (Lair:5)
  10 orc priests
  5 jellies
  A gnoll bouda (D:6)
  4 iguanas
  31 orc wizards
  4 polar bear simulacra
  4 yak simulacra (Lair:5)
  4 spriggan simulacra (IceCv)
  5 troll simulacra (IceCv)
  3 wolf simulacra
  9 gnolls
  4 adders
  2 naga simulacra (IceCv)
  8 white imps
  6 ufetubi
  3 worms
  3 dart slugs
  37 orcs
  6 endoplasms
  8 giant cockroaches
  9 hobgoblins
  3 jackals (D:1)
  4 quokkas
  11 ball pythons
  7 bats
  3 frilled lizards
  19 goblins
  11 kobolds
  7 rats
  3 river rat simulacra (Lair:5)
853 creatures vanquished.

Vanquished Creatures (collateral kills)
  Gastronok (Lair:3)
  3 nagarajas (Snake:4)
  A merfolk impaler (Shoals:1)
  A fire dragon (Lair:5)
  4 vault guards (D:13)
  2 centaur warriors
  2 anacondas
  2 naga warriors (Snake:4)
  A two-headed ogre (D:12)
  A naga sharpshooter (Snake:4)
  A skeletal warrior (D:15)
  A salamander mystic (Snake:4)
  A naga ritualist (Snake:1)
  An orc knight (Orc:2)
  A deep elf pyromancer (D:13)
  4 harpies
  A mana viper (Snake:1)
  3 orc sorcerers (Orc:2)
  2 ugly things (D:14)
  2 salamanders (Snake:4)
  A cyclops (D:13)
  2 elephants (Lair:3)
  2 merfolk sirens
  3 naga magi
  A guardian serpent (Snake:4)
  7 black mambas
  A water nymph (Shoals:2)
  A cane toad (Lair:4)
  3 rime drakes
  A komodo dragon (Lair:5)
  A merfolk (Shoals:2)
  A wind drake (Shoals:1)
  3 trolls
  4 blink frogs (Lair:3)
  3 basilisks
  A wyvern (Lair:5)
  6 yaks
  A steam dragon (D:10)
  5 wargs
  7 nagas
  3 water moccasins
  A swamp drake (Lair:5)
  2 orc warriors (Orc:1)
  A black mamba simulacrum (Lair:5)
  2 ogres (Orc:2)
  4 wolves
  2 centaurs (D:14)
  A bullfrog (Lair:3)
  A cane toad simulacrum (IceCv)
  An orc priest (Orc:1)
  8 orc wizards
  A spriggan simulacrum (IceCv)
  A boggart simulacrum (D:15)
  6 gnolls
  A naga simulacrum (IceCv)
  A white imp (IceCv)
  10 orcs
135 creatures vanquished.

Vanquished Creatures (others)
  16 fungi
  42 plants
58 creatures vanquished.

Grand Total: 1046 creatures vanquished

Notes
Turn   | Place    | Note
-------+----------+-------------------------------------------
     0 | D:1      | experimilk the Draconian Conjurer began the quest for the
                  | Orb.
     0 | D:1      | Reached XP level 1. HP: 14/14 MP: 3/3
   143 | D:1      | Reached XP level 2. HP: 12/20 MP: 0/5
   198 | D:1      | Learned a level 2 spell: Searing Ray
   672 | D:1      | Reached XP level 3. HP: 26/26 MP: 2/6
  1611 | D:2      | Reached skill level 5 in Conjurations
  1844 | D:2      | Found Taraf's Weapon Emporium.
  2051 | D:2      | Reached XP level 4. HP: 33/33 MP: 5/8
  2757 | D:3      | Found a glowing drain.
  2765 | Sewer    | Entered a sewer
  2815 | Sewer    | Noticed Pargi
  2823 | Sewer    | Killed Pargi
  2824 | Sewer    | Reached XP level 5. HP: 28/38 MP: 6/9
  2848 | Sewer    | Learned a level 3 spell: Stone Arrow
  3452 | D:4      | Reached skill level 1 in Earth Magic
  3854 | D:4      | Found a broken altar of Ashenzari.
  4394 | D:4      | Reached XP level 6. HP: 45/45 MP: 2/10
  4992 | D:5      | Entered Level 5 of the Dungeon
  5782 | D:5      | Your scales start taking on a pale cyan-grey colour.
  5782 | D:5      | Reached XP level 7. HP: 45/50 MP: 1/11
  5782 | D:5      | Gained mutation: You are immune to the effects of steam.
                  | [Pale Draconian growth]
  6028 | D:5      | Noticed Sigmund
  6030 | D:5      | Killed Sigmund
  6031 | D:5      | Reached skill level 5 in Earth Magic
  6569 | D:5      | Reached XP level 8. HP: 57/57 MP: 5/12
  7351 | D:6      | Gained mutation: Potions are less effective at restoring
                  | your health. [potion of mutation]
  7351 | D:6      | Gained mutation: You have a pair of small horns on your
                  | head. [potion of mutation]
  7351 | D:6      | Gained mutation: Your natural rate of healing is unusually
                  | fast. [potion of mutation]
  7352 | D:6      | Lost mutation: Potions are less effective at restoring your
                  | health. [potion of mutation]
  7352 | D:6      | Lost mutation: Your natural rate of healing is unusually
                  | fast. [potion of mutation]
  7352 | D:6      | Lost mutation: You have a pair of small horns on your head.
                  | [potion of mutation]
  7352 | D:6      | Gained mutation: You expend magic power (3 MP) to
                  | strengthen your wands. [potion of mutation]
  7352 | D:6      | Gained mutation: You occasionally shout uncontrollably at
                  | your foes. [potion of mutation]
  7352 | D:6      | Gained mutation: You have sharp toenails. [potion of
                  | mutation]
  7782 | D:6      | Learned a level 4 spell: Iskenderun's Mystic Blast
  8141 | D:6      | Noticed Grinder
  8146 | D:6      | Killed Grinder
  8458 | D:6      | Reached skill level 5 in Fighting
  8725 | D:6      | Noticed Maggie
  9042 | D:6      | Noticed Eustachio
  9048 | D:6      | Killed Eustachio
  9145 | D:6      | Noticed Menkaure
  9151 | D:6      | Killed Menkaure
  9330 | D:6      | Killed Maggie
  9331 | D:6      | Reached XP level 9. HP: 85/85 MP: 1/13
  9598 | D:6      | Reached skill level 10 in Fighting
  9965 | D:7      | Found a staircase to the Ecumenical Temple.
  9971 | Temple   | Entered the Ecumenical Temple
 10045 | Temple   | Became a worshipper of Vehumet
 10997 | D:7      | Found a hazy altar of Hepliaklqana.
 11758 | D:8      | Reached skill level 15 in Fighting
 12162 | D:8      | Reached XP level 10. HP: 105/105 MP: 10/14
 12966 | D:9      | Reached * piety under Vehumet
 12966 | D:9      | Offered knowledge of Sandblast by Vehumet.
 13151 | D:9      | Noticed Grum
 13166 | D:9      | Killed Grum
 13830 | D:9      | Found a staircase to the Lair.
 13847 | D:9      | Identified the +1 pair of gloves of Greed {rPois SInv}
 14139 | D:9      | Reached skill level 10 in Conjurations
 14231 | D:9      | Identified the +1 leather armour "Egit" {+Inv rF+ Int+6}
 14286 | D:9      | Noticed Maurice
 14291 | D:9      | Killed Maurice
 14294 | D:9      | Offered knowledge of Static Discharge by Vehumet.
 14533 | D:9      | Found a staircase to the Orcish Mines.
 14615 | D:9      | Noticed Erica
 14622 | D:9      | Killed Erica
 14623 | D:9      | Reached XP level 11. HP: 114/114 MP: 5/17
 14814 | D:9      | Noticed Pikel
 14821 | D:9      | Killed Pikel
 15056 | D:10     | Entered Level 10 of the Dungeon
 15063 | D:10     | Noticed a two-headed ogre
 15074 | D:10     | Killed a two-headed ogre
 15179 | D:10     | Reached ** piety under Vehumet
 15250 | D:10     | Reached skill level 5 in Spellcasting
 15432 | D:10     | Noticed an ogre mage
 15679 | D:10     | Identified the +8 spear of Uclad {vorpal, rPois Str-2 Int+5
                  | Dex+2}
 15679 | D:10     | Noticed a skeletal warrior
 15685 | D:10     | Killed a skeletal warrior
 15783 | D:10     | Noticed Psyche
 15786 | D:10     | Killed Psyche
 16151 | D:9      | Learned a level 3 spell: Vhi's Electric Charge
 16319 | D:10     | Offered knowledge of Poisonous Vapours by Vehumet.
 16344 | D:10     | Reached skill level 1 in Air Magic
 16515 | D:10     | Learned a level 5 spell: Arcjolt
 16521 | D:10     | Reached skill level 2 in Air Magic
 16708 | D:10     | Noticed an eight-headed hydra
 16714 | D:10     | Killed an eight-headed hydra
 16715 | D:10     | Reached skill level 3 in Air Magic
 16726 | D:10     | Reached *** piety under Vehumet
 16968 | D:10     | Noticed Fannar
 17248 | D:10     | Noticed Sonja
 17253 | D:10     | Killed Sonja
 17254 | D:10     | Reached skill level 4 in Air Magic
 17423 | D:10     | Killed an ogre mage
 17424 | D:10     | Reached XP level 12. HP: 122/122 MP: 6/23
 17717 | D:10     | Reached skill level 5 in Air Magic
 17967 | Lair:1   | Entered Level 1 of the Lair of Beasts
 17980 | Lair:1   | Learned a level 2 spell: Poisonous Vapours
 18020 | Lair:1   | Reached skill level 6 in Air Magic
 18235 | Lair:1   | Offered knowledge of Hailstorm by Vehumet.
 18735 | Lair:1   | Lost mutation: You occasionally shout uncontrollably at
                  | your foes. [potion of mutation]
 18735 | Lair:1   | Lost mutation: You have sharp toenails. [potion of
                  | mutation]
 18735 | Lair:1   | Gained mutation: Your flesh is cold resistant. (rC+)
                  | [potion of mutation]
 18735 | Lair:1   | Gained mutation: Potions are less effective at restoring
                  | your health. [potion of mutation]
 18735 | Lair:1   | Gained mutation: You possess an exceptional clarity of
                  | mind. [potion of mutation]
 19857 | Lair:2   | Reached skill level 1 in Translocations
 20239 | Lair:2   | Reached skill level 7 in Air Magic
 20532 | Lair:2   | Reached skill level 1 in Evocations
 20678 | Lair:2   | Learned a level 4 spell: Summon Lightning Spire
 20723 | Lair:2   | Learned a level 3 spell: Mephitic Cloud
 20864 | Lair:3   | Reached **** piety under Vehumet
 20871 | Lair:3   | Offered knowledge of Inner Flame by Vehumet.
 21094 | Lair:3   | Reached skill level 8 in Air Magic
 21096 | Lair:3   | Noticed Gastronok
 21488 | Lair:3   | Found a staircase to the Snake Pit.
 21490 | Lair:3   | Found a staircase to the Shoals.
 21672 | Lair:3   | Learned a level 1 spell: Shock
 21866 | Lair:3   | Found a blossoming altar of Fedhas.
 21872 | Lair:3   | Reached XP level 13. HP: 128/128 MP: 16/26
 21993 | Lair:3   | Killed Gastronok
 21994 | Lair:3   | Reached skill level 10 in Spellcasting
 21996 | Lair:3   | Reached skill level 9 in Air Magic
 23364 | Lair:4   | Reached ***** piety under Vehumet
 23908 | Lair:4   | Identified the +9 flail "Kithru" {drain, Dex+5}
 23975 | Lair:4   | Found a staircase to the Slime Pits.
 23997 | Lair:4   | Offered knowledge of Olgreb's Toxic Radiance by Vehumet.
 24007 | Lair:4   | Learned a level 4 spell: Olgreb's Toxic Radiance
 24376 | Lair:4   | Reached skill level 1 in Poison Magic
 24658 | Lair:5   | Entered Level 5 of the Lair of Beasts
 24670 | Lair:5   | Found a frozen archway.
 24686 | IceCv    | Entered an ice cave
 25406 | IceCv    | Noticed a reaper
 25410 | IceCv    | Killed a reaper
 26399 | Lair:5   | Reached skill level 5 in Evocations
 26515 | Lair:5   | Noticed drugrobin's ghost (journeyman DgAr)
 26798 | Lair:5   | Found a runed translucent gate.
 26798 | Lair:5   | Found a runed translucent gate.
 26798 | Lair:5   | Found a runed translucent gate.
 27068 | Lair:5   | Noticed a fire dragon
 27075 | Lair:5   | Killed a fire dragon
 27079 | Lair:5   | Offered knowledge of Iron Shot by Vehumet.
 27208 | Lair:5   | Reached skill level 10 in Air Magic
 27208 | Lair:5   | Reached XP level 14. HP: 136/136 MP: 21/30
 27254 | Lair:5   | Learned a level 6 spell: Iron Shot
 28450 | Orc:1    | Entered Level 1 of the Orcish Mines
 29835 | Orc:2    | Entered Level 2 of the Orcish Mines
 29843 | Orc:2    | Noticed an orc warlord
 29851 | Orc:2    | Killed an orc warlord
 30218 | Orc:2    | Found Weyf Hur's Assorted Antiques.
 30222 | Orc:2    | Bought a scroll of identify for 50 gold pieces
 30440 | Orc:2    | Found a staircase to the Elven Halls.
 30694 | Orc:2    | Reached skill level 11 in Air Magic
 31007 | Orc:2    | Found Ydwi Cuwn's Jewellery Shop.
 31221 | Orc:2    | Found Miulouman's Book Boutique.
 31236 | Orc:2    | Noticed Nergalle
 31248 | Orc:2    | Killed Nergalle
 31440 | Orc:2    | Found an ancient bone altar of Kikubaaqudgha.
 31566 | Orc:2    | Found a radiant altar of Vehumet.
 31574 | Orc:2    | Paralysed by an orc sorcerer for 2 turns
 31724 | Orc:2    | Found Anumed's Antique Armour Boutique.
 31743 | Orc:2    | Found Suf Waggaph's Magic Scroll Shop.
 31751 | Orc:2    | Bought a scroll of teleportation for 51 gold pieces
 31751 | Orc:2    | Bought 3 scrolls of amnesia for 204 gold pieces
 31751 | Orc:2    | Bought a scroll of blinking for 127 gold pieces
 31751 | Orc:2    | Bought a scroll of summoning for 161 gold pieces
 31751 | Orc:2    | Bought a scroll of magic mapping for 127 gold pieces
 31751 | Orc:2    | Bought a scroll of teleportation for 51 gold pieces
 31782 | Orc:2    | Bought an amulet of magic regeneration for 510 gold pieces
 32223 | D:10     | Killed Fannar
 33321 | D:11     | You fall into a shaft and drop 3 floors!
 33554 | D:13     | Noticed Frances
 33622 | D:13     | Killed Frances
 33623 | D:13     | Reached skill level 12 in Air Magic
 34210 | D:11     | Noticed Harold
 34215 | D:11     | Killed Harold
 34870 | D:11     | Offered knowledge of Irradiate by Vehumet.
 36064 | D:12     | Reached XP level 15. HP: 102/143 MP: 32/32
 37723 | D:13     | Noticed Erolcha
 38071 | Orc:2    | Bought a ring of willpower for 425 gold pieces
 38376 | D:13     | Found a gate to the Vaults.
 38395 | D:13     | Reached skill level 15 in Conjurations
 38563 | D:13     | Noticed Lodul
 38565 | D:13     | Killed Lodul
 39784 | D:13     | Killed Erolcha
 40317 | D:14     | Learned a level 8 spell: Maxwell's Capacitive Coupling
 40329 | D:14     | Offered knowledge of Lee's Rapid Deconstruction by Vehumet.
 40337 | D:14     | Reached skill level 13 in Air Magic
 42271 | D:15     | Entered Level 15 of the Dungeon
 42443 | D:15     | Noticed Nessos
 42461 | D:15     | Killed Nessos
 43214 | D:15     | Reached skill level 14 in Air Magic
 44103 | D:15     | Found a staircase to the Depths.
 44425 | Snake:1  | Entered Level 1 of the Snake Pit
 44483 | Snake:1  | Reached skill level 10 in Earth Magic
 44573 | Snake:1  | Reached XP level 16. HP: 150/150 MP: 14/34
 45104 | Snake:1  | Reached skill level 15 in Air Magic
 45344 | Snake:1  | Noticed Azrael
 45348 | Snake:1  | Killed Azrael
 45349 | Snake:1  | Reached ****** piety under Vehumet
 46681 | Snake:2  | Found a runed translucent door.
 46683 | Snake:2  | Noticed Kecoros's ghost (adept OpVM)
 47549 | Snake:3  | Reached skill level 15 in Spellcasting
 47638 | Snake:3  | Lost mutation: You expend magic power (3 MP) to strengthen
                  | your wands. [potion of mutation]
 47638 | Snake:3  | Lost mutation: You possess an exceptional clarity of mind.
                  | [potion of mutation]
 47638 | Snake:3  | Lost mutation: Your flesh is cold resistant. (rC+) [potion
                  | of mutation]
 47638 | Snake:3  | Gained mutation: You sometimes lose your temper in combat.
                  | [potion of mutation]
 47638 | Snake:3  | Gained mutation: Your muscles are strong. (Str +4, Int/Dex
                  | -1) [potion of mutation]
 47856 | D:15     | Lost mutation: Potions are less effective at restoring your
                  | health. [potion of mutation]
 47856 | D:15     | Lost mutation: Your muscles are strong. (Str +4, Int/Dex
                  | -1) [potion of mutation]
 47856 | D:15     | Lost mutation: You sometimes lose your temper in combat.
                  | [potion of mutation]
 47856 | D:15     | Gained mutation: You are dopey. (Int -2) [potion of
                  | mutation]
 47856 | D:15     | Gained mutation: Your system is resistant to poisons.
                  | (rPois) [potion of mutation]
 48073 | Snake:3  | Found Asoc's Weapon Emporium.
 48291 | Snake:3  | Offered knowledge of Orb of Destruction by Vehumet.
 48300 | Snake:3  | Learned a level 7 spell: Orb of Destruction
 48526 | Snake:3  | Reached skill level 1 in Shields
 48666 | Snake:3  | Lost mutation: Your system is resistant to poisons. (rPois)
                  | [potion of mutation]
 48666 | Snake:3  | Lost mutation: You are dopey. (Int -2) [potion of mutation]
 48666 | Snake:3  | Gained mutation: Your body sometimes deteriorates upon
                  | taking damage. [potion of mutation]
 48666 | Snake:3  | Gained mutation: You are clumsy. (Dex -2) [potion of
                  | mutation]
 48667 | Snake:3  | Lost mutation: Your body sometimes deteriorates upon taking
                  | damage. [potion of mutation]
 48667 | Snake:3  | Lost mutation: You are clumsy. (Dex -2) [potion of
                  | mutation]
 48667 | Snake:3  | Gained mutation: You sometimes lose your temper in combat.
                  | [potion of mutation]
 48667 | Snake:3  | Gained mutation: Your flesh is cold resistant. (rC+)
                  | [potion of mutation]
 48667 | Snake:3  | Gained mutation: Your tail ends in a venomous barb. [potion
                  | of mutation]
 49625 | Snake:4  | Entered Level 4 of the Snake Pit
 50178 | Snake:4  | Reached skill level 5 in Poison Magic
 50326 | Snake:4  | Reached XP level 17. HP: 42/157 MP: 28/36
 50807 | Snake:4  | Lost mutation: You sometimes lose your temper in combat.
                  | [potion of mutation]
 50807 | Snake:4  | Lost mutation: Your flesh is cold resistant. (rC+) [potion
                  | of mutation]
 50807 | Snake:4  | Lost mutation: Your tail ends in a venomous barb. [potion
                  | of mutation]
 50807 | Snake:4  | Gained mutation: You do not regenerate when monsters are
                  | visible. [potion of mutation]
 50807 | Snake:4  | Gained mutation: Your spells are a little harder to cast,
                  | but a little more powerful. [potion of mutation]
 50808 | Snake:4  | Lost mutation: You do not regenerate when monsters are
                  | visible. [potion of mutation]
 50808 | Snake:4  | Lost mutation: Your spells are a little harder to cast, but
                  | a little more powerful. [potion of mutation]
 50808 | Snake:4  | Gained mutation: You are weak. (Str -2) [potion of
                  | mutation]
 50808 | Snake:4  | Gained mutation: You are clumsy. (Dex -2) [potion of
                  | mutation]
 50808 | Snake:4  | Gained mutation: You are resistant to electric shocks.
                  | (rElec) [potion of mutation]
 50816 | Snake:4  | Learned a level 4 spell: Airstrike
 50820 | Snake:4  | Learned a level 3 spell: Swiftness
 50999 | Snake:4  | Reached skill level 16 in Air Magic
 51386 | Snake:4  | Learned a level 6 spell: Iron Shot
 51893 | Snake:4  | Offered knowledge of Lightning Bolt by Vehumet.
 54971 | Snake:4  | Got a serpentine rune of Zot
 55136 | Lair:5   | Reached skill level 17 in Air Magic
 55157 | Lair:5   | Killed drugrobin's ghost
 55433 | Shoals:1 | Entered Level 1 of the Shoals
 55691 | Shoals:1 | Reached skill level 1 in Maces & Flails
 55790 | Shoals:1 | Got Sif Muna's Book of Striking
 55874 | Shoals:1 | Reached skill level 5 in Shields
 56852 | Shoals:2 | Noticed Polyphemus
 57362 | Shoals:2 | Noticed Ilsuiw
 57377 | Shoals:2 | Killed from afar by Ilsuiw

Illustrated notes

Levels and vault maps discovered:
D:1:      eino_arrival_cavern_e, layout_basic, nicolae_titane
D:2:      cheibrodos_greedy_goblins, layout_rooms, serial_shops, shop
D:3:      layout_basic, portal_sewer_entry_f, minmay_misc_feat_secret_circle
D:4:      layout_loops_corners, general_overflow_altar, minmay_misc_feat_plants,
          minmay_misc_feat_more_columns
D:5:      layout_basic, grunt_decor_arrowhead, minmay_manual_mares, uniq_sigmund
D:6:      layout_gridville, minmay_pentangle, uniq_menkaure, uniq_maggie,
          uniq_grinder, uniq_eustachio
D:7:      layout_cave_pods, mainiacjoe_overflow_concentric_impassable,
          minmay_temple_entry_crystal_x
D:8:      layout_rooms
D:9:      layout_loops_ring, hellmonk_lair_entry_icy, orc_0_dummy, uniq_grum,
          uniq_maurice, uniq_erica, uniq_pikel
D:10:     minmay_the_grid_3x2 [minmay_the_grid_embedded,
          minmay_the_grid_tiny_cups, minmay_the_grid_stretched_grid,
          minmay_the_grid_medium_cups, minmay_the_grid_spin_star,
          minmay_the_grid_prize_big_room], layout_basic, uniq_fannar,
          uniq_sonja, uniq_psyche
D:11:     layout_gridville, nrook_guardian_serpent_ordinary, uniq_harold
D:12:     layout_grid_maze
D:13:     layout_loops_ring, erik_vaults_2, serial_rivers,
          chequers_serial_rivers_micro_a, chequers_serial_rivers_large_b,
          chequers_serial_rivers_room_a, chequers_serial_rivers_small_b,
          uniq_lodul, uniq_erolcha, uniq_frances
D:14:     layout_layer_cave
D:15:     grunt_enter_depths_magical_seal, layout_gridville,
          minmay_misc_feat_rows, serial_co_window_serial, co_window_paths_b,
          co_window_paths_a, co_window_paths_a, co_window_of_opportunity_a,
          co_window_paths_a, co_window_paths_a, co_window_corner_a,
          co_window_corner_a, co_window_corner_a, co_window_unsneaky_path_a,
          co_window_of_opportunity_b, co_window_unsneaky_path_d,
          co_window_corner_b, co_window_broadway_a, glass_columns_a,
          glass_columns_b, glass_columns_b, glass_columns_c,
          hangedman_abyss_or_decor_slice, uniq_nessos
Temple:   mainiacjoe_temple_cubbyholes
Lair:1:   layout_loops_ring
Lair:2:   layout_roguey
Lair:3:   layout_hall_layers, minmay_shoals_entry_lonely_mermaid,
          dummy_snake_entry, hangedman_tree_tricks, serial_bayou_shore_b,
          uniq_gastronok
Lair:4:   layout_regular_city, slime_entry_1, chequers_serial_rivers_room_a
Lair:5:   guppyfry_lair_end_dragon, layout_cave_pods, wormcave,
          gammafunk_ghost_icy, portal_ice_cave_rime, eino_house_with_fridge
Shoals:1: cheibrodos_shoals_roost, layout_shoals, argonaut_gorgonesque
Shoals:2: layout_shoals, nicolae_shoals_sun_and_surf, uniq_ilsuiw,
          uniq_polyphemus
Snake:1:  layout_cave_pods, lemuel_fruit_tree, uniq_azrael
Snake:2:  layout_onion_interference, ebering_ghost_reflecting_pool,
          hangedman_snake_corridor_split
Snake:3:  layout_onion, serial_shops, shop
Snake:4:  grunt_snake_rune_spirals, layout_onion, nicolae_snake_omega
Orc:1:    layout_caves, basic_altar, david_defended_altar_orc
Orc:2:    kennysheep_orc_mage_school, layout_caves, serial_shops, shop

Skill      XL: |  1  2  3  4  5  6  7  8  9 10 11 12 13 14 15 16 17 |
---------------+----------------------------------------------------+-----
Conjurations   | 5 6 7 9 10 12 14 15 16 | 16.1
Spellcasting   | 3 4 7 9 12 13 14 15 | 15.0
Earth Magic    | 2 4 6 8 9 10 12 | 12.0
Fighting       | 9 15 16 | 16.0
Air Magic      | 4 8 10 12 14 15 17 | 17.0
Translocations | 2 3 |  3.0
Evocations     | 3 6 |  6.0
Poison Magic   | 3 5 6 |  6.0
Shields        | 3 5 |  5.8
Maces & Flails | 4 |  4.7
Dodging        | |  1.7
Stealth        | |  1.7

Action                   |  1- 3 |  4- 6 |  7- 9 | 10-12 | 13-15 | 16-18 || total
-------------------------+-------+-------+-------+-------+-------+-------++-------
Melee: Club              |    35 |       |       |       |       |       ||    35
       Tailslap          |     5 |     8 |     7 |    20 |    45 |    14 ||    99
       Punch             |     1 |       |     2 |     1 |       |       ||     4
       Unarmed           |     1 |       |       |       |       |       ||     1
       Short sword       |     2 |    10 |       |       |       |       ||    12
       Dagger            |       |    34 |       |       |       |       ||    34
       Whip              |       |       |    36 |   143 |   209 |    71 ||   459
       Kick              |       |       |     9 |    39 |       |       ||    48
       Flail             |       |       |       |       |       |     8 ||     8
 Cast: Magic Dart        |    66 |    31 |    48 |    44 |       |       ||   189
       Searing Ray       |    11 |     7 |     1 |       |       |       ||    19
       Stone Arrow       |       |    23 |    77 |   217 |   100 |       ||   417
       Iskenderun's Myst |       |       |     1 |     7 |       |       ||     8
       Arcjolt           |       |       |       |    15 |   111 |    47 ||   173
       Summon Lightning  |       |       |       |     9 |   105 |    70 ||   184
       Vhi's Electric Ch |       |       |       |     3 |    20 |     3 ||    26
       Shock             |       |       |       |     3 |    59 |    45 ||   107
       Poisonous Vapours |       |       |       |     2 |    36 |       ||    38
       Mephitic Cloud    |       |       |       |     2 |    26 |     2 ||    30
       Olgreb's Toxic Ra |       |       |       |       |    23 |     7 ||    30
       Iron Shot         |       |       |       |       |   134 |   207 ||   341
       Maxwell's Capacit |       |       |       |       |    23 |    31 ||    54
       Orb of Destructio |       |       |       |       |       |    12 ||    12
       Airstrike         |       |       |       |       |       |    27 ||    27
       Swiftness         |       |       |       |       |       |     4 ||     4
 Abil: Breathe Steam     |       |       |     8 |    13 |    21 |    12 ||    54
Evoke: Wand              |       |       |       |     9 |     4 |       ||    13
       Tin of tremorston |       |       |       |       |     3 |     3 ||     6
       Box of beasts     |       |       |       |       |     2 |     1 ||     3
  Use: Scroll            |       |     5 |     9 |    15 |    10 |     6 ||    45
       Potion            |       |     3 |     6 |     5 |     4 |    14 ||    32
 Stab: Confused          |       |       |       |       |     4 |       ||     4
       Distracted        |       |       |       |       |     1 |     1 ||     2
Armor: Skin              |    22 |    22 |     7 |   100 |   222 |    97 ||   470
Dodge: Dodged            |    62 |    67 |    22 |   158 |   212 |    69 ||   590
Block: Buckler           |       |       |       |     5 |    62 |   127 ||   194
       Reflection        |       |       |       |       |       |    34 ||    34

Table legend: (Time is in decaauts)
 A = Elapsed time spent in this place.
 B = Non-inter-level travel time spent in this place.
 C = Inter-level travel time spent in this place.
 D = Time resting spent in this place.
 E = Time spent auto-exploring this place.
 F = Levels seen in this place.
 G = Mean time per level.
                   A        B        C        D        E       F      G
               +--------+--------+--------+--------+--------+-----+--------+
         Total |  57646 |  54566 |   3080 |  26075 |  21544 |  31 | 1859.5 |
       Dungeon |  30661 |  28897 |   1764 |  12948 |  13142 |  15 | 2044.1 |
        Temple |    123 |     75 |     48 |      0 |     65 |   1 |  123.0 |
          Lair |   9594 |   9009 |    585 |   3782 |   4172 |   5 | 1918.8 |
        Shoals |   2001 |   1888 |    113 |    954 |    716 |   2 | 1000.5 |
     Snake Pit |  10269 |   9997 |    272 |   5855 |   2461 |   4 | 2567.2 |
  Orcish Mines |   3314 |   3019 |    295 |   1637 |    653 |   2 | 1657.0 |
         Sewer |    208 |    208 |      0 |     20 |    154 |   1 |  208.0 |
      Ice Cave |   1472 |   1472 |      0 |    879 |    180 |   1 | 1472.0 |
               +--------+--------+--------+--------+--------+-----+--------+

Top non-repeatable levels by time:
 Snake:4: 4936 daAuts
     D:9: 3473 daAuts
    D:13: 2910 daAuts
    D:10: 2683 daAuts
     D:6: 2588 daAuts
  Lair:5: 2486 daAuts
    D:12: 2480 daAuts
    D:14: 2327 daAuts
   Orc:2: 2322 daAuts
    D:11: 2309 daAuts
 Snake:3: 2216 daAuts
  Lair:3: 2108 daAuts
    D:15: 1999 daAuts
     D:4: 1984 daAuts
     D:5: 1953 daAuts
